 Dungeon Crawl Stone Soup version 0.28.0-47-ge53b351184 (webtiles) character file.

Game seed: 17077497823787314150

2006 Iusername the Carver (level 9, -3/68 HPs)
             Began as a Human Fighter on May 2, 2022.
             Was an Initiate of Dithmenos.
             Killed from afar by an orc wizard (4 damage)
             ... with a magic dart
             ... on level 6 of the Dungeon.
             The game lasted 00:13:26 (6449 turns).

Iusername the Carver (Human Fighter)                Turns: 6449, Time: 00:13:27

Health: -3/68      AC: 14    Str: 19    XL:     9   Next: 45%
Magic:  9/9        EV: 14    Int: 11    God:    Dithmenos [......]
Gold:   189        SH:  5    Dex: 12    Spells: 8/8 levels left

rFire   . . .      SeeInvis .   a - +0 long sword
rCold   . . .      Faith    .   c - +0 buckler
rNeg    . . .      Spirit   .   d - +3 scale mail
rPois   .          Reflect  .   h - +1 helmet
rElec   .          Harm     .   (no cloak)
rCorr   .          Rampage  .   e - +0 pair of gloves
Will    +....                   (no boots)
Stlth   ..........              (no amulet)
HPRegen 0.21/turn               o - +4 ring of evasion
MPRegen 0.11/turn               k - ring of willpower

@: no status effects
A: no striking features
a: Renounce Religion


You were on level 6 of the Dungeon.
You worshipped Dithmenos.
Dithmenos was noncommittal.
You visited 2 branches of the dungeon, and saw 7 of its levels.

You collected 189 gold pieces.

Inventory:

Hand Weapons
 a - a +0 long sword (weapon)
 q - a +2 scimitar of flaming
Armour
 c - a +0 buckler (worn)
 d - a +3 scale mail (worn)
 e - a +0 pair of gloves (worn)
 h - a +1 helmet (worn)
 w - +0 swamp dragon scales
Jewellery
 k - a ring of willpower (right hand)
 o - a +4 ring of evasion (left hand)
Wands
 v - a wand of iceblast (12) (quivered)
Scrolls
 b - a scroll of enchant weapon
 f - 3 scrolls of vulnerability
 g - 3 scrolls of fear
 i - a scroll of summoning
 l - a scroll of amnesia
 m - a scroll of brand weapon
 n - a scroll of immolation
 r - a scroll of fog
 t - a scroll of identify
Potions
 j - a potion of heal wounds {unknown}
 p - a potion of curing {unknown}
 s - 2 potions of mutation {unknown}
 u - a potion of cancellation {unknown}


   Skills:
 + Level 5.4 Fighting
 + Level 8.1 Long Blades
 + Level 6.3 Armour
 + Level 3.3 Dodging
 + Level 1.1 Stealth
 + Level 4.3 Shields


You had 8 spell levels left.
You didn't know any spells.
Your spell library contained the following spells:

 Spells                   Type           Power      Damage    Failure   Level
 Pain                     Necr           0%         1d4       77%         1
 Ensorcelled Hibernation  Hex/Ice        0%         N/A       88%         2
 Passwall                 Tmut/Erth      0%         N/A       88%         2
 Dazzling Flash           Conj/Hex       0%         N/A       98%         3
 Swiftness                Air            0%         N/A       98%         3
 Iskenderun's Mystic Bla  Conj/Tloc      0%         2d3       100%        4
 Agony                    Necr           0%         N/A       100%        5
 Excruciating Wounds      Necr           0%         N/A       100%        5
 Starburst                Conj/Fire      0%         6d3       100%        6


Dungeon Overview and Level Annotations

Branches:
Dungeon (6/15)             Temple (1/1) D:4

Altars:
Ashenzari
Cheibriados
Dithmenos
Fedhas
Gozag
Hepliaklqana
Kikubaaqudgha
Makhleb
Nemelex Xobeh
Okawaru
Qazlal
Ru
Sif Muna
Trog
Uskayaw
Vehumet
Wu Jian
Xom
Yredelemnul
Zin
The Shining One


Message History

Something hits you but does no damage. You block the orc priest's attack.
You closely miss the orc priest.
The orc priest is severely wounded.
Something hits you but does no damage.
The orc priest hits you but does no damage.
You hit the orc priest.
The orc priest is almost dead.
Something hits you but does no damage.
The orc priest looks encouraged for a moment.
You hear some strange, mumbled words.
A puff of flame appears from out of thin air!
The puff of flame misses you.
You hit the orc priest but do no damage.
The orc priest is almost dead.
The orc priest calls upon Beogh to heal the orc priest.
The orc priest is healed somewhat.
The orc priest closely misses you. Something hits you.
You hit the orc priest but do no damage.
The orc priest is heavily wounded.
The orc priest hits you but does no damage.
Something barely misses you.
You hit something.
The orc priest mumbles some strange prayers to Beogh against you.
Beogh smites you!
* * * LOW HITPOINT WARNING * * *
The orc priest hits you but does no damage.
Something hits you but does no damage.
You hit something. The orc priest barely misses you.
You hear some strange, mumbled words.
A puff of flame appears from out of thin air!
The puff of flame hits you.
* * * LOW HITPOINT WARNING * * *
You barely miss something.
The orc priest invokes the aid of Beogh against you.
Beogh smites you!
* * * LOW HITPOINT WARNING * * *
You hear some strange, mumbled words.
A magic dart appears from out of thin air!
The magic dart hits you.
You die...

##...## #
##.....##
#.###.......#
.#.##......... ...
+......... ..#
#......... ###.#
##.<.....# #{oo#
##.....## #@#
##...## #.# ##+##
#.# #.# #.#
#######.# #.#
#.......#### #.#
#.##.......# #.#
#.##.......#
#.#####.##.#...#.#
#..........##.##.#


You could see 2 orc priests.

Vanquished Creatures
  Pikel (D:4)
  Maggie (D:6)
  A steam dragon (D:4)
  An ice beast (D:5)
  A black bear (D:5)
  A necrophage (D:5)
  An ogre (D:4)
  A phantom (D:6)
  A scorpion (D:5)
  3 bullfrog zombies
  A jelly (D:4)
  A centaur skeleton (D:4)
  6 hounds
  A bullfrog skeleton (D:5)
  3 iguanas
  Terence (D:3)
  5 adders
  4 gnolls (D:2)
  A white imp (D:4)
  An ufetubus (D:5)
  An adder skeleton (D:4)
  2 worms
  3 dart slugs
  3 orcs
  4 ball pythons
  3 bats
  An endoplasm (D:3)
  A giant cockroach (D:2)
  5 goblins
  2 hobgoblins
  11 jackals
  7 kobolds
  3 quokkas
  4 frilled lizards
  7 rats
93 creatures vanquished.

Notes
Turn   | Place    | Note
-------+----------+-------------------------------------------
     0 | D:1      | Iusername the Human Fighter began the quest for the Orb.
     0 | D:1      | Reached XP level 1. HP: 18/18 MP: 1/1
   269 | D:1      | Reached XP level 2. HP: 24/24 MP: 2/2
   321 | D:1      | Found a faded altar of an unknown god.
   860 | D:2      | Reached XP level 3. HP: 25/29 MP: 3/3
  1240 | D:2      | Reached XP level 4. HP: 36/36 MP: 4/4
  1254 | D:2      | Reached skill level 3 in Long Blades
  2052 | D:3      | Reached XP level 5. HP: 37/42 MP: 5/5
  2297 | D:3      | Noticed Terence
  2311 | D:3      | Killed Terence
  2333 | D:3      | Reached skill level 1 in Dodging
  2828 | D:3      | Found an opulent altar of Gozag.
  2828 | D:3      | Found a basalt altar of Yredelemnul.
  2828 | D:3      | Found a stormy altar of Qazlal.
  3115 | D:4      | Reached skill level 4 in Long Blades
  3159 | D:4      | Reached XP level 6. HP: 44/48 MP: 6/6
  3231 | D:4      | Noticed an ogre
  3237 | D:4      | Killed an ogre
  3391 | D:4      | Reached skill level 5 in Long Blades
  3432 | D:4      | Reached XP level 7. HP: 39/54 MP: 7/7
  3582 | D:4      | Noticed a steam dragon
  3737 | D:4      | Found a staircase to the Ecumenical Temple.
  3751 | Temple   | Entered the Ecumenical Temple
  3940 | Temple   | Became a worshipper of Dithmenos the Shadowed
  4006 | D:4      | Noticed Pikel
  4017 | D:4      | Killed Pikel
  4018 | D:4      | Reached skill level 6 in Long Blades
  4018 | D:4      | Reached XP level 8. HP: 57/61 MP: 8/8
  4859 | D:5      | Entered Level 5 of the Dungeon
  5147 | D:5      | Reached skill level 7 in Long Blades
  5217 | D:5      | Reached skill level 5 in Armour
  5827 | D:5      | Reached skill level 1 in Stealth
  5827 | D:5      | Reached XP level 9. HP: 58/67 MP: 9/9
  5935 | D:5      | Reached skill level 5 in Fighting
  6375 | D:6      | Noticed Maggie
  6388 | D:6      | Killed Maggie
  6389 | D:6      | Reached skill level 8 in Long Blades
  6449 | D:6      | HP: 1/68 [orc priest/divine providence (10)]
  6449 | D:6      | Killed from afar by an orc wizard

Illustrated notes

Levels and vault maps discovered:
D:1:      mrwooster_arrival_statue_2, layout_loops_ring,
          shapermc_ecumenical_altar_mp_highgroup, minmay_statues_item
D:2:      layout_loops_ring
D:3:      wander_river, layout_rooms, gammafunk_temple_overflow_claw,
          uniq_terence
D:4:      layout_basic, minmay_temple_entry_large_hall, uniq_pikel
D:5:      layout_loops_corners
D:6:      layout_loops_corners, elyvilon_altar_4, kennysheep_generic_room_10,
          uniq_grinder, uniq_maggie, uniq_menkaure
Temple:   eino_narrow_crystal_temple

Skill      XL: |  1  2  3  4  5  6  7  8  9 |
---------------+----------------------------+-----
Long Blades    | 3 4 5 6 7 8 |  8.1
Fighting       | 4 5 |  5.4
Dodging        | 1 2 3 |  3.3
Armour         | 4 5 6 |  6.3
Shields        | 4 |  4.3
Stealth        | 1 |  1.1

Action                   |  1- 3 |  4- 6 |  7- 9 || total
-------------------------+-------+-------+-------++-------
Melee: Long sword        |    94 |   158 |   206 ||   458
  Use: Potion            |       |     1 |     1 ||     2
       Scroll            |       |       |     8 ||     8
Armor: Scale mail        |    58 |   140 |    97 ||   295
Dodge: Dodged            |    49 |   161 |   108 ||   318
Block: Buckler           |    15 |    51 |    39 ||   105
